 Dungeon Crawl Stone Soup version 0.22.1-1-ga44c0e56f4 (webtiles) character file.

855 Gargoyl the Chopper (level 7, -1/90 HPs)
             Began as a Centaur Abyssal Knight on Nov 5, 2018.
             Was a Believer of Lugonu.
             Slain by an ogre
             ... wielding a +0 giant club
              (5 damage)
             ... on level 5 of the Dungeon.
             The game lasted 00:08:04 (6551 turns).

Gargoyl the Chopper (Centaur Abyssal Knight)        Turns: 6551, Time: 00:08:04

Health: -1/90      AC: 23    Str: 15    XL:     7   Next: 70%
Magic:  9/9        EV:  1    Int: 11    God:    Lugonu [**....]
Gold:   177        SH:  0    Dex: 10    Spells: 6/6 levels left

rFire    . . .     SeeInvis .   a - +2 hand axe
rCold    . . .     Gourm    .   (no shield)
rNeg     + + +     Faith    .   (armour currently unavailable)
rPois    +         Spirit   .   (helmet currently unavailable)
rElec    .         Reflect  .   (cloak currently unavailable)
rCorr    .         Harm     .   (gloves currently unavailable)
MR       .....     NoTele   +   (no barding)
Stlth    +.........             (no amulet)
HPRegen  0.25/turn              (no ring)
MPRegen  0.11/turn              (no ring)

@: tree-form
A: large
a: Depart the Abyss, Bend Space, Renounce Religion


You were on level 5 of the Dungeon.
You worshipped Lugonu.
Lugonu was pleased with you.
You were very hungry.
You were a tree.
You visited 1 branch of the dungeon, and saw 6 of its levels.
You visited the Abyss 1 time.

You collected 323 gold pieces.
You spent 146 gold pieces at shops.

Inventory:

Hand Weapons
 a - a +2 hand axe (weapon)
Missiles
 m - 4 tomahawks (quivered)
Armour
 d - a +0 chain mail (melded)
 l - a +0 pair of gloves (melded)
Wands
 h - a wand of paralysis (13)
Scrolls
 e - 6 scrolls of identify
 f - 3 scrolls of blinking
 j - a scroll of fog
Comestibles
 c - 13 rations


   Skills:
 + Level 4.6 Fighting
 + Level 4.8 Axes
 * Level 4.1 Armour
 + Level 1.0 Dodging
 * Level 3.9 Invocations


You had 6 spell levels left.
You didn't know any spells.
Your spell library was empty.

Dungeon Overview and Level Annotations

Branches:
Dungeon (6/15)
 Temple: D:4-7

Altars:
Dithmenos
Hepliaklqana
Qazlal
Sif Muna
Vehumet
Wu Jian

Shops:
D:5 ?}:[


Innate Abilities, Weirdness & Mutations

((You have hooves in place of feet.))
((Armour fits poorly on your strangely shaped body.))
((You cover ground very quickly.))
((You have extremely tough skin. (AC +3)))


Message History

You barely miss the ogre.
The ogre is severely wounded.
The ogre hits you with a giant club.
* * * LOW HITPOINT WARNING * * *
You hit the ogre.
The ogre is severely wounded.
The ogre hits you with a giant club!
* * * LOW HITPOINT WARNING * * *
Unknown command.
You feel better. The ogre hits you with a giant club!
* * * LOW HITPOINT WARNING * * *
You feel better.
You completely miss the ogre.
The ogre is severely wounded.
The ogre hits you with a giant club!
* * * LOW HITPOINT WARNING * * *
You barely miss the ogre.
The ogre is severely wounded.
The ogre hits you with a giant club.
You die...

#.###.#...........#_.............
#.# #.#...........#..#...#...#...
#.# #.#....#.##.###...........(..
#.###.#.[..#.##.# ###############
#........[...##.# #.##.#
#.###.#....####.# #.##.#
...........####.# ##.##.#
................####...#.#
#.######..#####.♣Oo>.....#
#.........##########...###
#########...........^.##
###############


You could see an ogre and an orc.

Vanquished Creatures
  Edmund (D:4)
  A necrophage (D:2)
  A bullfrog (D:5)
  A scorpion (D:4)
  A crimson imp (D:5)
  2 hounds
  A bullfrog skeleton (D:4)
  2 orc priests
  2 orc wizards (D:5)
  Natasha (twice) (D:2)
  Terence (D:3)
  2 worker ants
  2 hound skeletons (D:5)
  2 worker ant zombies (D:5)
  4 adders
  2 oozes
  5 worms
  3 dart slugs
  13 orcs
  7 bats
  3 giant cockroaches
  9 goblins
  6 hobgoblins
  7 jackals
  2 kobolds
  2 quokkas
  2 ball pythons
  3 frilled lizards
  5 rats
94 creatures vanquished.

Vanquished Creatures (collateral kills)
  A quokka (D:5)
1 creature vanquished.

Grand Total: 95 creatures vanquished

Notes
Turn   | Place    | Note
-------+----------+-------------------------------------------
     0 | Abyss:1  | Gargoyl the Centaur Abyssal Knight began the quest for the
                  | Orb.
     0 | Abyss:1  | Reached XP level 1. HP: 19/19 MP: 2/2
   120 | Abyss:2  | Noticed an ancient zyme
   136 | Abyss:2  | Noticed an angel
   149 | Abyss:2  | Noticed a large abomination
   151 | Abyss:2  | Noticed an ancient zyme
   157 | D:1      | Escaped the Abyss
   324 | D:1      | Reached XP level 2. HP: 15/26 MP: 3/3
  1057 | D:1      | Reached * piety under Lugonu
  1261 | D:2      | HP: 1/27 [poisoned by an adder]
  1267 | D:2      | HP: 1/27 [poisoned by an adder]
  1673 | D:2      | Reached XP level 3. HP: 24/33 MP: 4/4
  1954 | D:2      | Reached skill level 1 in Dodging
  2334 | D:2      | Found a shadowy altar of Dithmenos.
  2509 | D:2      | Noticed Natasha
  2519 | D:2      | Killed Natasha
  2519 | D:2      | Reached XP level 4. HP: 20/40 MP: 5/5
  2804 | D:2      | Noticed Natasha
  2807 | D:2      | Noticed a necrophage
  2810 | D:2      | Killed Natasha
  2826 | D:2      | Killed a necrophage
  2826 | D:2      | Reached XP level 5. HP: 35/45 MP: 5/7
  3911 | D:3      | Noticed Terence
  3919 | D:3      | Killed Terence
  3919 | D:3      | Reached XP level 6. HP: 44/52 MP: 8/8
  4128 | D:4      | Reached ** piety under Lugonu
  4605 | D:4      | Noticed Edmund
  4783 | D:4      | Killed Edmund
  5034 | D:4      | Reached XP level 7. HP: 59/59 MP: 9/9
  5255 | D:4      | Found a deep blue altar of Sif Muna.
  5332 | D:4      | Found a hazy altar of Hepliaklqana.
  5332 | D:4      | Found a radiant altar of Vehumet.
  5382 | D:5      | Entered Level 5 of the Dungeon
  5435 | D:5      | Found a stormy altar of Qazlal.
  5749 | D:5      | Found an ornate altar of the Wu Jian Council.
  5785 | D:5      | Found Jogu's Armour Boutique.
  5852 | D:5      | Bought a +0 pair of gloves for 49 gold pieces
  5980 | D:5      | Found Evyt Nag's Magic Scroll Emporium.
  6192 | D:5      | Bought a scroll of enchant weapon for 97 gold pieces
  6223 | D:5      | Found Goux's Gadget Boutique.
  6245 | D:5      | Found Zimaip's Book Boutique.
  6548 | D:5      | HP: 1/90 [ogre/giant club (8)]
  6551 | D:5      | Slain by an ogre

Skill      XL: |  1  2  3  4  5  6  7 |
---------------+----------------------+-----
Dodging        | 1 |  1.0
Axes           | 2 3 4 |  4.8
Armour         | 2 3 4 |  4.1
Fighting       | 4 |  4.6
Invocations    | 3 |  3.9

Action                   |  1- 3 |  4- 6 |  7- 9 || total
-------------------------+-------+-------+-------++-------
Melee: Hand axe          |   107 |   174 |   100 ||   381
       Kick              |    13 |    36 |    24 ||    73
Invok: Depart the Abyss  |     1 |       |       ||     1
       Bend Space        |       |       |     1 ||     1
  Use: Potion            |     2 |     1 |     4 ||     7
       Scroll            |       |     3 |     5 ||     8
  Eat: Ration            |     1 |     1 |       ||     2
       Chunk             |       |     5 |     2 ||     7
Armor: Chain mail        |    77 |   110 |    53 ||   240
       Skin              |       |       |    13 ||    13
Dodge: Dodged            |    22 |    33 |    19 ||    74
